 Dungeon Crawl Stone Soup version 0.30-a0-845-g7c6808c8ce (webtiles) character file.

Game seed: 4424207952080147070

94 testman the Digger (level 4, -6/33 HPs)
             Began as a Human Wanderer on Mar 2, 2023.
             Was a Believer of Makhleb.
             Mangled by Pargi (8 damage)
             ... on level 2 of the Dungeon.
             The game lasted 00:06:24 (2354 turns).

testman the Digger (Human Wanderer)                 Turns: 2354, Time: 00:06:25

Health: -6/33      AC:  3    Str: 11    XL:     4   Next: 94%
Magic:  2/5        EV: 11    Int: 15    God:    Makhleb [**....]
Gold:   67         SH:  0    Dex: 13    Spells: 1/5 levels left

rFire   . . .      SeeInvis +    a - +0 dagger
rCold   . . .      Faith    .    (no shield)
rNeg    . . .      Spirit   .    d - +0 robe
rPois   .          Reflect  .    b - +0 helmet
rElec   .          Rampage  .    (no cloak)
rCorr   .                        (no gloves)
Will    .....                    (no boots)
Stlth   ++                       (no amulet)
HPRegen 0.25/turn                g - ring of flight
MPRegen 0.09/turn                i - ring of see invisible

@: flying
A: no striking features
a: Renounce Religion, Minor Destruction


You were on level 2 of the Dungeon.
You worshipped Makhleb.
Makhleb was pleased with you.
You visited 1 branch of the dungeon, and saw 3 of its levels.

You collected 67 gold pieces.

Inventory:

Hand Weapons
 a - a +0 dagger (weapon)
Armour
 b - a +0 helmet (worn)
 d - a +0 robe (worn)
Jewellery
 g - a ring of flight (left hand)
 i - a ring of see invisible (right hand)
 o - a ring of wizardry
Wands
 e - a wand of polymorph (15)
 p - a wand of quicksilver (13)
Scrolls
 c - 3 scrolls of fog
 f - a scroll of identify {unknown}
 j - 4 scrolls of blinking {unknown}
 k - a scroll of acquirement {unknown}
 l - a scroll of summoning {unknown}
 q - a scroll of teleportation {unknown}
Potions
 h - 2 potions of curing {unknown}
 m - a potion of ambrosia {unknown}
 n - a potion of might {unknown}


   Skills:
 + Level 1.9 Fighting
 + Level 2.1 Short Blades
 - Level 1.0 Armour
 - Level 1.0 Dodging
 - Level 2.0 Stealth
 - Level 1.0 Spellcasting
 + Level 0.0 Conjurations
 - Level 4.0 Earth Magic
 - Level 2.0 Evocations


You had one spell level left.
You knew the following spells:

 Your Spells              Type           Power      Damage    Failure   Level
a - Sandblast             Erth           26%        2d8       4%          1
b - Stone Arrow           Conj/Erth      12%        3d7       32%         3

Your spell library contained the following spells:

 Spells                   Type           Power      Damage    Failure   Level


Dungeon Overview and Level Annotations

Branches:
Dungeon (3/15)

Altars:
Makhleb

Annotations:
D:2 Pargi
D:3 Jessica


Message History

Level annotation: Jessica, Pargi Pargi bites you!
Pargi barely misses you. Pargi claws you but does no damage.
Jessica mumbles some strange words.
Jessica blinks!
There is a stone staircase leading up, spattered with blood here.
You hit Pargi but do no damage. Pargi closely misses you.
Pargi claws you but does no damage. Pargi claws you. Pargi bites you.
Pargi claws you. x2; Jessica drinks a potion.
Jessica is healed!
You fly upwards.
There is a stone staircase leading down here.
Aiming: Sandblast (safe; 4% risk of failure)
Press: ? - help, Q - select action, (/) - cycle Shift-Dir - straight line, f - Pargi
Aim: Pargi (77% to hit)
The blast of sand hits Pargi.
Pargi is lightly wounded.
Pargi bites you. Pargi claws you. Pargi claws you but does no damage.
Pargi bites you but does no damage. Pargi claws you.
* * * LOW HITPOINT WARNING * * *
Pargi closely misses you.
Aiming: Sandblast (safe; 4% risk of failure)
Press: ? - help, Q - select action, (/) - cycle Shift-Dir - straight line, f/p - Pargi
Aim: Pargi (lightly wounded, 77% to hit)
The blast of sand hits Pargi!
Pargi is heavily wounded.
Pargi bites you.
* * * LOW HITPOINT WARNING * * *
Pargi claws you.
* * * LOW HITPOINT WARNING * * *
Pargi claws you but does no damage.
Aiming: Sandblast (safe; 4% risk of failure)
Press: ? - help, Q - select action, (/) - cycle Shift-Dir - straight line, f/p - Pargi
Aim: Pargi (heavily wounded, 77% to hit)
The blast of sand hits Pargi.
Pargi is heavily wounded.
Pargi bites you but does no damage. Pargi claws you but does no damage.
Pargi claws you.
* * * LOW HITPOINT WARNING * * *
Pargi bites you!
You die...

.......#
#..#....#....#
######.#
#).####...####
...###.## #..# #####
##.##.#.#########..#
#...###...........#
####.#.##########.#
##....# #.# #..#.#
######.#
###..#.###..T@..#
#....#.....######
#.#######..#
#....#.>..##
####.#.#### #.#.#
#...# #####


You could see Pargi.

Vanquished Creatures
  2 gnolls (D:1)
  2 adders (D:2)
  A worm (D:2)
  A dart slug (D:1)
  4 ball pythons
  4 endoplasms
  2 giant cockroaches (D:2)
  6 goblins
  6 hobgoblins
  5 jackals (D:1)
  3 quokkas
  3 bats
  A frilled lizard (D:2)
  7 kobolds
  3 rats
50 creatures vanquished.

Notes
Turn   | Place    | Note
-------+----------+-------------------------------------------
     0 | D:1      | testman the Human Wanderer began the quest for the Orb.
     0 | D:1      | testman set off with the following items: a +0 dagger, a +0
                  | helmet, a scroll of fog, a +0 robe, a wand of polymorph
                  | (15); and the following spell memorised: Sandblast; and the
                  | following spells available to memorise: Stone Arrow.
     0 | D:1      | Reached XP level 1. HP: 13/13 MP: 2/2
   246 | D:1      | Found a faded altar of an unknown god.
   253 | D:1      | Prayed at the altar of an unknown god.
   253 | D:1      | Became a worshipper of Makhleb the Destroyer
   253 | D:1      | Reached * piety under Makhleb
   346 | D:1      | Reached XP level 2. HP: 19/19 MP: 3/3
   641 | D:1      | Reached skill level 1 in Short Blades
   650 | D:1      | Reached XP level 3. HP: 22/25 MP: 1/4
   816 | D:1      | Reached skill level 1 in Fighting
  1123 | D:1      | Reached XP level 4. HP: 32/32 MP: 1/5
  1716 | D:2      | Reached ** piety under Makhleb
  1812 | D:2      | Reached skill level 4 in Earth Magic
  2317 | D:3      | Noticed Jessica
  2318 | D:3      | Noticed Pargi
  2339 | D:2      | Learned a level 3 spell: Stone Arrow
  2354 | D:2      | Mangled by Pargi

Illustrated notes

Levels and vault maps discovered:
D:1:      dpeg_cavernosity, layout_basic, dilly_ecumenical_altar_fadedgnrine,
          chequers_serial_rivers_room_a, nicolae_grassy_gnolls
D:2:      layout_loops_ring, grunt_decor_one_mirror
D:3:      layout_loops_ring, gammafunk_ghost_arena, gup_sewer_entry_bubbles,
          kennysheep_generic_room_12, uniq_jessica, uniq_pargi

Skill      XL: |  1  2  3  4 |
---------------+-------------+-----
Short Blades   | 1 2 |  2.1
Fighting       | 1 |  1.9
Earth Magic    | 4 |  4.0
Armour         | |  1.0
Dodging        | |  1.0
Stealth        | |  2.0
Spellcasting   | |  1.0
Evocations     | |  2.0

Action                     |  1- 3 |  4- 6 || total
---------------------------+-------+-------++-------
  Melee: Dagger            |    51 |    53 ||   104
   Cast: Sandblast         |    21 |    26 ||    47
   Stab: Sleeping          |     5 |     4 ||     9
 Armour: Robe              |    16 |    21 ||    37
  Dodge: Dodged            |    38 |    35 ||    73

Table legend: (Time is in decaauts)
 A = Elapsed time spent in this place.
 B = Non-inter-level travel time spent in this place.
 C = Inter-level travel time spent in this place.
 D = Time resting spent in this place.
 E = Time spent auto-exploring this place.
 F = Levels seen in this place.
 G = Mean time per level.
                   A        B        C        D        E       F      G
               +--------+--------+--------+--------+--------+-----+--------+
         Total |   2370 |   2290 |     80 |     20 |   1924 |   3 |  790.0 |
       Dungeon |   2370 |   2290 |     80 |     20 |   1924 |   3 |  790.0 |
               +--------+--------+--------+--------+--------+-----+--------+

Top non-repeatable levels by time:
     D:1: 1429 daAuts
     D:2: 926 daAuts
     D:3: 15 daAuts
